NCAA
NOTRE DAME FIGHTING IRISH @ VIRGINIA TECH HOKIES
05/21/2026
 
TOP OF THE 1ST
Notre Dame Fighting Irish batting - Pitching for Virginia Tech Hokies : RHP Randy Hill
Pitching: RHP Randy Hill
Batting: SHB Carlos Ramírez 0-0: Ball
1-0: Ball
2-0: DOUBLE (Line Drive, 56D)
Batting: RHB Jeff Christian 0-0: Fly out, F9 (Flyball, 9M)
Batting: SHB Ken Austin 0-0: Fly out, F7 (Flyball, 8LS)
Batting: RHB Silas Small 0-0: Called Strike
0-1: Swinging Strike
0-2: Ball
1-2: Strikes out swinging
Top of the 1st over - 0 run(s), 1 hit(s), 0 error(s), 1 left on base; Notre Dame 0 - Virginia Tech 0
BOTTOM OF THE 1ST
Virginia Tech Hokies batting - Pitching for Notre Dame Fighting Irish : RHP Jorge Guillén
Pitching: RHP Jorge Guillén
Batting: RHB Doug Hunt 0-0: Fly out, F4 (Line Drive, 4)
Batting: RHB George Clarke 0-0: Ball
1-0: Foul Ball, location: 2F
1-1: Called Strike
1-2: Foul Ball, location: 2F
1-2: Ground out 6-3 (Groundball, 6M)
Batting: LHB Juan Carlos Manuel 0-0: Called Strike
0-1: Ball
1-1: Ball
2-1: Ball
3-1: Ground out 4-3 (Groundball, 4M)
Bottom of the 1st over - 0 run(s), 0 hit(s), 0 error(s), 0 left on base; Notre Dame 0 - Virginia Tech 0
TOP OF THE 2ND
Notre Dame Fighting Irish batting - Pitching for Virginia Tech Hokies : RHP Randy Hill
Batting: LHB Lou Goeble 0-0: Called Strike
0-1: Foul Ball, location: 2F
0-2: Ball
1-2: Ball
2-2: Strikes out looking
Batting: LHB Ramón García 0-0: Ball
1-0: Fly out, F8 (Flyball, 8RM)
Batting: RHB Jorge Ortíz 0-0: Ball
1-0: Ball
2-0: Foul Ball, location: 2F
2-1: Called Strike
2-2: Strikes out looking
Top of the 2nd over - 0 run(s), 0 hit(s), 0 error(s), 0 left on base; Notre Dame 0 - Virginia Tech 0
BOTTOM OF THE 2ND
Virginia Tech Hokies batting - Pitching for Notre Dame Fighting Irish : RHP Jorge Guillén
Batting: RHB George Martin 0-0: Foul Ball, location: 2F
0-1: SINGLE (Groundball, 56S)
Batting: LHB Nick Moss 0-0: Called Strike
0-1: Called Strike
0-2: Strikes out looking
Batting: RHB Matt Jenkins 0-0: Swinging Strike
Balk!
George Martin to second
0-1: Ball
1-1: Ball
2-1: Ball
3-1: Base on Balls
Batting: RHB Francisco Medina 0-0: Called Strike
0-1: Swinging Strike
0-2: Strikes out swinging
Batting: RHB Lawrence Ware 0-0: Ground out 6-3 (Groundball, 6)
Bottom of the 2nd over - 0 run(s), 1 hit(s), 0 error(s), 2 left on base; Notre Dame 0 - Virginia Tech 0
TOP OF THE 3RD
Notre Dame Fighting Irish batting - Pitching for Virginia Tech Hokies : RHP Randy Hill
Batting: RHB Isaac Ridings 0-0: Swinging Strike
0-1: Called Strike
0-2: Strikes out swinging
Batting: RHB Mike Thompson 0-0: Called Strike
0-1: SINGLE (Line Drive, 89S)
Batting: SHB Carlos Ramírez 0-0: Called Strike
0-1: Foul Ball, location: 2F
0-2: Ball
1-2: SINGLE (Flyball, 7LM)
Mike Thompson to second
Batting: RHB Jeff Christian 0-0: Foul Ball, location: 2F
0-1: Ball
1-1: Ball
2-1: Fielders Choice at 3rd, U5 (Groundball, 5L)
Carlos Ramírez to second
Batting: SHB Ken Austin 0-0: Called Strike
0-1: Fly out, F8 (Flyball, 8LS)
Top of the 3rd over - 0 run(s), 2 hit(s), 0 error(s), 2 left on base; Notre Dame 0 - Virginia Tech 0
BOTTOM OF THE 3RD
Virginia Tech Hokies batting - Pitching for Notre Dame Fighting Irish : RHP Jorge Guillén
Batting: RHB Juan Ventura 0-0: SINGLE (Groundball, 4M)
Batting: RHB Doug Hunt 0-0: Ball
1-0: Ground out 6-3 (Groundball, 6MS)
Juan Ventura to second
Batting: RHB George Clarke 0-0: Called Strike
0-1: Fly out, F7 (Flyball, 7M)
Batting: LHB Juan Carlos Manuel 0-0: Swinging Strike
0-1: Swinging Strike
0-2: Ball
1-2: Ball
2-2: Foul Ball, location: 2F
2-2: Strikes out swinging
Bottom of the 3rd over - 0 run(s), 1 hit(s), 0 error(s), 1 left on base; Notre Dame 0 - Virginia Tech 0
TOP OF THE 4TH
Notre Dame Fighting Irish batting - Pitching for Virginia Tech Hokies : RHP Randy Hill
Batting: RHB Silas Small 0-0: Ball
1-0: Ground out 5-3 (Groundball, 56S)
Batting: LHB Lou Goeble 0-0: Ball
1-0: Fly out, F7 (Flyball, 78M)
Batting: LHB Ramón García 0-0: SINGLE (Groundball, 56D)
Batting: RHB Jorge Ortíz 0-0: Called Strike
0-1: SINGLE (Groundball, 56D)
Ramón García to second
Batting: RHB Isaac Ridings 0-0: Ball
1-0: Swinging Strike
1-1: Ball
2-1: Swinging Strike
2-2: Ball
3-2: Base on Balls
Ramón García to third
Jorge Ortíz to second
Batting: RHB Mike Thompson 0-0: Ball
1-0: Ball
2-0: Foul Ball, location: 2F
2-1: Swinging Strike
2-2: Strikes out looking
Top of the 4th over - 0 run(s), 2 hit(s), 0 error(s), 3 left on base; Notre Dame 0 - Virginia Tech 0
BOTTOM OF THE 4TH
Virginia Tech Hokies batting - Pitching for Notre Dame Fighting Irish : RHP Jorge Guillén
Batting: RHB George Martin 0-0: Ball
1-0: Ball
2-0: Foul Ball, location: 2F
2-1: Ball
3-1: Ground out 5-3 (Groundball, 5)
Batting: LHB Nick Moss 0-0: Fly out, F7 (Flyball, 7LMF)
Batting: RHB Matt Jenkins 0-0: Swinging Strike
0-1: Ball
1-1: Foul Ball, location: 2F
1-2: Strikes out looking
Bottom of the 4th over - 0 run(s), 0 hit(s), 0 error(s), 0 left on base; Notre Dame 0 - Virginia Tech 0
TOP OF THE 5TH
Notre Dame Fighting Irish batting - Pitching for Virginia Tech Hokies : RHP Randy Hill
Batting: SHB Carlos Ramírez 0-0: Ball
1-0: Fly out, F5 (Popup, 5F)
Batting: RHB Jeff Christian 0-0: Ball
1-0: Swinging Strike
1-1: Called Strike
1-2: Ball
2-2: Foul Ball, location: 2F
2-2: Foul Ball, location: 2F
2-2: Foul Ball, location: 2F
2-2: Strikes out swinging
Batting: SHB Ken Austin 0-0: Ball
1-0: Foul Ball, location: 2F
1-1: Swinging Strike
1-2: Ground out 4-3 (Groundball, 4)
Top of the 5th over - 0 run(s), 0 hit(s), 0 error(s), 0 left on base; Notre Dame 0 - Virginia Tech 0
BOTTOM OF THE 5TH
Virginia Tech Hokies batting - Pitching for Notre Dame Fighting Irish : RHP Jorge Guillén
Batting: RHB Francisco Medina 0-0: Ball
1-0: Called Strike
1-1: Foul Ball, location: 2F
1-2: Strikes out swinging
Batting: RHB Lawrence Ware 0-0: Called Strike
0-1: Ground out 5-3 (Groundball, 56S)
Batting: RHB Juan Ventura 0-0: Ball
1-0: Called Strike
1-1: Foul Ball, location: 2F
1-2: Strikes out swinging
Bottom of the 5th over - 0 run(s), 0 hit(s), 0 error(s), 0 left on base; Notre Dame 0 - Virginia Tech 0
TOP OF THE 6TH
Notre Dame Fighting Irish batting - Pitching for Virginia Tech Hokies : RHP Randy Hill
Batting: RHB Silas Small 0-0: Called Strike
0-1: Ball
1-1: Ground out 6-3 (Groundball, 6)
Batting: LHB Lou Goeble 0-0: Ball
1-0: SOLO HOME RUN (Flyball, 9D), Distance : 371 ft
Batting: LHB Ramón García 0-0: Ball
1-0: Swinging Strike
1-1: Ball
2-1: Ground out 6-3 (Groundball, 6)
Batting: RHB Jorge Ortíz 0-0: Foul Ball, location: 2F
0-1: Swinging Strike
0-2: Strikes out swinging
Top of the 6th over - 1 run(s), 1 hit(s), 0 error(s), 0 left on base; Notre Dame 1 - Virginia Tech 0
BOTTOM OF THE 6TH
Virginia Tech Hokies batting - Pitching for Notre Dame Fighting Irish : RHP Jorge Guillén
Batting: RHB Doug Hunt 0-0: Ball
1-0: Called Strike
1-1: Ball
2-1: Foul Ball, location: 2F
2-2: Foul Ball, location: 2F
2-2: Ball
3-2: Ground out 5-3 (Groundball, 56S)
Batting: RHB George Clarke 0-0: Ground out 4-3 (Groundball, 34)
Batting: LHB Juan Carlos Manuel 0-0: Called Strike
0-1: Ball
1-1: Ball
2-1: Ground out 4-3 (Groundball, 4)
Bottom of the 6th over - 0 run(s), 0 hit(s), 0 error(s), 0 left on base; Notre Dame 1 - Virginia Tech 0
TOP OF THE 7TH
Notre Dame Fighting Irish batting - Pitching for Virginia Tech Hokies : RHP Randy Hill
Pitching: RHP Markus Flanagan
Batting: RHB Isaac Ridings 0-0: Ground out 5-3 (Groundball, 56S)
Batting: RHB Mike Thompson 0-0: Ball
1-0: Foul Ball, location: 2F
1-1: Foul Ball, location: 2F
1-2: Ball
2-2: Strikes out looking
Batting: SHB Carlos Ramírez 0-0: Foul Ball, location: 2F
0-1: Called Strike
0-2: Strikes out looking
Top of the 7th over - 0 run(s), 0 hit(s), 0 error(s), 0 left on base; Notre Dame 1 - Virginia Tech 0
BOTTOM OF THE 7TH
Virginia Tech Hokies batting - Pitching for Notre Dame Fighting Irish : RHP Jorge Guillén
Batting: RHB George Martin 0-0: Called Strike
0-1: Ball
1-1: Ball
2-1: Ball
3-1: Base on Balls
Batting: LHB Nick Moss 0-0: Ball
1-0: Called Strike
1-1: Ball
2-1: Called Strike
2-2: Foul Ball, location: 2F
2-2: Ball
3-2: Base on Balls
George Martin to second
Pitching: RHP Chris Martin
Batting: RHB Matt Jenkins 0-0: Bunt missed!
0-1: Bunt missed!
0-2: Ball
1-2: Grounds into double play, 6-4-3 (Groundball, 6)
George Martin to third
Batting: RHB Francisco Medina 0-0: Foul Ball, location: 2F
0-1: Ball
1-1: Ball
2-1: Called Strike
2-2: SINGLE (Line Drive, 4D)
George Martin scores
Batting: RHB Lawrence Ware 0-0: Ball
Francisco Medina steals 2nd base
1-0: Ball
2-0: Ball
3-0: Called Strike
3-1: Swinging Strike
3-2: Base on Balls
Batting: RHB Juan Ventura 0-0: Ball
1-0: Ball
2-0: SINGLE (Line Drive, 7LM)
Francisco Medina to third
Lawrence Ware to second
Runner from 3rd tries for Home, SAFE, throw made at trailing runner, OUT at third!
Bottom of the 7th over - 2 run(s), 2 hit(s), 0 error(s), 1 left on base; Notre Dame 1 - Virginia Tech 2
TOP OF THE 8TH
Notre Dame Fighting Irish batting - Pitching for Virginia Tech Hokies : RHP Markus Flanagan
Batting: RHB Jeff Christian 0-0: Foul Ball, location: 2F
0-1: Foul Ball, location: 2F
0-2: Strikes out swinging
Pitching: LHP Jeremy Spencer
Batting: SHB Ken Austin 0-0: Called Strike
0-1: Ball
1-1: Ball
2-1: Foul Ball, location: 2F
2-2: Fly out, F9 (Flyball, 9S)
Pitching: RHP John Harris
Batting: RHB Silas Small 0-0: Fly out, F7 (Flyball, 78M)
Top of the 8th over - 0 run(s), 0 hit(s), 0 error(s), 0 left on base; Notre Dame 1 - Virginia Tech 2
BOTTOM OF THE 8TH
Virginia Tech Hokies batting - Pitching for Notre Dame Fighting Irish : RHP Chris Martin
Batting: RHB Doug Hunt 0-0: Ball
1-0: Ball
2-0: Foul Ball, location: 2F
2-1: Swinging Strike
2-2: Foul Ball, location: 2F
2-2: Ball
3-2: Foul Ball, location: 2F
3-2: Foul Ball, location: 2F
3-2: Base on Balls
Batting: RHB George Clarke 0-0: Ball
1-0: Bunted foul
1-1: Reached on error, E2 (Groundball, 2R)
Doug Hunt to third
Batting: LHB Juan Carlos Manuel 0-0: Intentional Walk
Batting: RHB George Martin 0-0: Grounds into double play, 5-2-3 (Groundball, 5S)
George Clarke to third
Juan Carlos Manuel to second
Batting: LHB Nick Moss 0-0: Ball
1-0: Called Strike
1-1: Ground out 1-3 (Groundball, 25)
Bottom of the 8th over - 0 run(s), 0 hit(s), 1 error(s), 2 left on base; Notre Dame 1 - Virginia Tech 2
TOP OF THE 9TH
Notre Dame Fighting Irish batting - Pitching for Virginia Tech Hokies : RHP John Harris
Pitching: RHP Héctor Gonzáles
Now at C: Manuel Cervantes
Batting: LHB Lou Goeble 0-0: Fly out, F4 (Popup, 4D)
Batting: LHB Ramón García 0-0: Ball
1-0: Called Strike
1-1: Swinging Strike
1-2: Foul Ball, location: 2F
1-2: Strikes out looking
Batting: RHB Jorge Ortíz 0-0: Swinging Strike
0-1: Foul Ball, location: 2F
0-2: Ball
1-2: Foul Ball, location: 2F
1-2: Foul Ball, location: 2F
1-2: Strikes out swinging
Top of the 9th over - 0 run(s), 0 hit(s), 0 error(s), 0 left on base; Notre Dame 1 - Virginia Tech 2
Monday, December 5th, 2016 - OOTP Baseball 17.12 Build 75